[Event "*** MasterClass Titled Tuesday Blitz"]
[Site "Chess.com"]
[Date "2017.09.05"]
[Round "1"]
[White "OparinGrigoriy"]
[Black "FelixBlohberger"]
[Result "1-0"]
[WhiteElo "2605"]
[BlackElo "2321"]
[TimeControl "180+2"]
[EndTime "13:08:06 PDT"]
[Termination "OparinGrigoriy won by resignation"]

1. e4 e6 2. d4 d5 3. Nc3 Nf6 4. e5 Nfd7 5. f4 c5 6. Nf3 Nc6 7. Be3 a6 8. Qd2 b5 9. a3 Qa5 10. Rb1 Qb6 11. Ne2 a5 12. dxc5 Bxc5 13. Ned4 Nxd4 14. Bxd4 O-O 15. Qe3 Bxd4 16. Qxd4 b4 17.
Qxb6 Nxb6 18. Nd4 Ba6 19. Bd3 Rfc8 20. Kd2 Nc4+ 21. Bxc4 Rxc4 22. c3 Rac8 23. Rhc1 bxa3 24. b3 R4c5 25. Ra1 h6 26. Rxa3 Bb7 27. g3 g6 28. Raa1 Kg7 29. Ra2 R8c7 30. Rcc2 Rc8 31. Rab2 R8c7 32. b4 axb4 33. cxb4 Rc4 34. Rxc4 Rxc4 35.
Kd3 Rc1 36. b5 g5 37. f5 Rd1+ 38. Kc3 Re1 39. Re2 Rc1+ 40. Rc2 Re1 41. fxe6 Rxe5 42. exf7 Kxf7 43. Kb4 Re7 44. Rf2+ Kg6 45. Kc5 Bc8 46.
b6 h5 47. Rf8 Bh3 48. Kc6 Bd7+ 49. Kd6 Re4 50. b7 1-0

[Event "*** MasterClass Titled Tuesday Blitz"]
[Site "Chess.com"]
[Date "2017.09.05"]
[Round "1"]
[White "dolynachess"]
[Black "GGuseinov"]
[Result "0-1"]
[WhiteElo "2399"]
[BlackElo "2701"]
[TimeControl "180+2"]
[EndTime "13:08:16 PDT"]
[Termination "GGuseinov won by checkmate"]

1. c4 g6 2. g3 Bg7 3. Bg2 d6 4. Nc3 e5 5. Rb1 f5 6. d3 Nf6 7. Bg5 O-O 8. Nf3 h6 9. Bxf6 Qxf6 10. O-O Nc6 11. b4 g5 12. b5 Ne7 13. Nd5 Nxd5 14.
cxd5 Bd7 15. Qc2 Rac8 16. a4 h5 17. Rb4 Bh6 18. Rc4 g4 19. Nd2 Bxd2 20. Qxd2 f4 21. Be4 h4 22. Qc1 Rf7 23. Rxc7 Rxc7 24. Qxc7 fxg3 25.
hxg3 hxg3 26. Qb8+ Rf8 27. Qxa7 Qh4 28. fxg3 Qxg3+ 29. Bg2 Rxf1+ 30. Kxf1 Qf4+ 31. Qf2 Qxa4 32. Be4 Qd1+ 33.
Kg2 Bxb5 34. Qe3 Kf7 35. Kg3 Bd7 36. Qh6 Qg1+ 37. Bg2 Qe1+ 38. Kh2 g3# 0-1

[Event "*** MasterClass Titled Tuesday Blitz"]
[Site "Chess.com"]
[Date "2017.09.05"]
[Round "1"]
[White "severomorskij"]
[Black "SCIM"]
[Result "0-1"]
[WhiteElo "2625"]
[BlackElo "2400"]
[TimeControl "180+2"]
[EndTime "13:08:16 PDT"]
[Termination "SCIM won by resignation"]

1. d4 Nf6 2. c4 g6 3. Nc3 d5 4. cxd5 Nxd5 5. e4 Nxc3 6. bxc3 Bg7 7. Qa4+ Nd7 8. Nf3 O-O 9. Be2 c5 10. O-O a6 11. Qa3 Qc7 12. Bg5 Nf6 13. e5 Ne4 14. Be3 cxd4 15. cxd4 Nc3 16. Bd3 Nd5 17. Rac1 Qd8 18. h3 Nxe3 19. fxe3 Bh6 20. Be4 Rb8 21. Kh1 Be6 22. Nd2 Qd7 23. Kh2 Rfc8 24. Bf3 b5 25.
Ne4 b4 26. Qd3 Bxa2 27. Nc5 Qb5 28. Qd2 Bc4 29. Rfe1 a5 30. Bd1 b3 31. Qc3 b2 32.
Rb1 Ba2 33. Be2 Qb4 34. Qc2 Bxb1 35. Qxb1 Bxe3 36. e6 f6 37. Bd3 Qxd4 38. Bxg6 Rxc5 39. Bxh7+ Kh8 40. Qg6 Qf4+ 41. Kh1 b1=Q 0-1

[Event "*** MasterClass Titled Tuesday Blitz"]
[Site "Chess.com"]
[Date "2017.09.05"]
[Round "1"]
[White "2L8IWUN"]
[Black "jk13"]
[Result "1-0"]
[WhiteElo "1772"]
[BlackElo "2396"]
[TimeControl "180+2"]
[EndTime "13:08:21 PDT"]
[Termination "2L8IWUN won by resignation"]

1. d4 Nf6 2. Bf4 e6 3. e3 d5 4.
Nf3 c5 5. c3 Nc6 6. Nbd2 Bd6 7.
Bxd6 Qxd6 8. Bb5 O-O 9. O-O Bd7 10. a4 a6 11. Be2 e5 12. Nc4 dxc4 13. dxe5 Qxd1 14.
Rfxd1 Be6 15. exf6 gxf6 16. Nd2 b5 17. Ne4 Bf5 18.
Nxc5 Kg7 19. Bf3 Rac8 20. Nxa6 bxa4 21. Bxc6 Rxc6 22. Nb4 Rc5 23. Rxa4 h5 24. f3 Be6 25. Ra6 Rb8 26. e4 f5 27. exf5 Rxf5 28. Rad6 Ra8 29.
R1d2 Ra1+ 30. Kf2 Rh1 31. h3 Rg5 32. f4 Rf5 33. Kg3 Rf1 34. R6d4 Kg6 35. Nc6 h4+ 36. Kxh4 R5xf4+ 37. Rxf4 Rxf4+ 38. Kg3 Rf1 39. Nd4 Bd5 40. Nf3 Be4 41. Ne5+ Kg7 42. Nxc4 Rf6 43. Ne3 Rb6 44. Ng4 Kg6 45. Rf2 f5 46. Ne5+ Kg5 47.
Nf3+ Kg6 48. Nd4 Rb8 49. Kh2 Kg5 50. Ne6+ Kf6 51. Nc5 Bd5 52. g4 Rb5 53. Rxf5+ Kg6 54.
Rxd5 Ra5 55. b4 Ra2+ 56. Kg3 1-0

[Event "*** MasterClass Titled Tuesday Blitz"]
[Site "Chess.com"]
[Date "2017.09.05"]
[Round "1"]
[White "hypert"]
[Black "Yaacovn"]
[Result "0-1"]
[WhiteElo "2332"]
[BlackElo "2625"]
[TimeControl "180+2"]
[EndTime "13:08:22 PDT"]
[Termination "Yaacovn won by resignation"]

1. d4 Nf6 2. c4 e5 3. dxe5 Ne4 4. Nf3 Nc6 5. e3 d6 6. exd6 Bxd6 7. Be2 Bf5 8. O-O Qf6 9. Nbd2 O-O-O 10. Nxe4 Bxe4 11. Nd2 Qg6 12. f3 Qh6 13. f4 Bc5 14. Nxe4 Rxd1 15. Rxd1 Be7 16. b3 Re8 17. Ng3 Bc5 18.
Bg4+ Kb8 19. Bd7 Rd8 20. Ne4 Be7 21. Bb2 Rxd7 22. Rxd7 Qe6 23. Rxe7 Qxe7 24. Nf2 Qxe3 25. Bxg7 Qxf4 26. Re1 b6 27. Bc3 a5 28. h3 Qf5 29. Re4 Nb4 30. Bxb4 axb4 31. Re2 Kb7 32. g4 Qf3 33. Re7 h5 34. gxh5 Qxh5 35. Kf1 Qg6 36. Re1 Qf5 37. Re2 Qf3 38. Ke1 f5 39. Kd2 f4 40. Nd3 Qxh3 41. Nxf4 Qc3+ 42. Kd1 Qd4+ 43. Rd2 Qxf4 44. Kc2 Qe4+ 45. Kb2 Qe3 46. Rc2 Kc6 47.
Kb1 Kc5 48. Kb2 Kd4 49. Rc1 Qe2+ 50. Kb1 Kd3 51. c5 b5 52. c6 Qh5 53. Rd1+ Qxd1+ 0-1

[Event "*** MasterClass Titled Tuesday Blitz"]
[Site "Chess.com"]
[Date "2017.09.05"]
[Round "1"]
[White "nonscitis"]
[Black "aa175"]
[Result "1-0"]
[WhiteElo "2420"]
[BlackElo "1833"]
[TimeControl "180+2"]
[EndTime "13:08:31 PDT"]
[Termination "nonscitis won on time"]

1. e4 e5 2. Nf3 Nc6 3. Bb5 Nf6 4. O-O Bc5 5. c3 O-O 6. d4 exd4 7. cxd4 Bb6 8. e5 Nd5 9. Nc3 Nxc3 10. bxc3 d5 11. h3 Be6 12. Re1 h6 13. Bd3 Ne7 14. Bf4 Qd7 15.
Bg3 Bf5 16. Nh4 Bxd3 17. Qxd3 a6 18. Re2 Qb5 19. Qc2 Qc6 20. Rae1 Rfe8 21. e6 f6 22. Qd3 Qb5 23. Qf3 Ba5 24. Bf4 g5 25. Bxg5 fxg5 26. Qf7+ Kh8 27. Re5 Bxc3 28. Rxg5 hxg5 29. Qh5+ Kg7 30.
Qxg5+ Kh7 31. Qh5+ Kg7 32. Qf7+ Kh8 33. Re5 Qb1+ 34.
Kh2 1-0

[Event "*** MasterClass Titled Tuesday Blitz"]
[Site "Chess.com"]
[Date "2017.09.05"]
[Round "1"]
[White "Fy_Rakotomaharo"]
[Black "Scott-fox21"]
[Result "1-0"]
[WhiteElo "2480"]
[BlackElo "2181"]
[TimeControl "180+2"]
[EndTime "13:08:33 PDT"]
[Termination "Fy_Rakotomaharo won by resignation"]

1. d4 d5 2. c4 e6 3. Nc3 c6 4.
e3 a6 5. Qc2 c5 6. cxd5 exd5 7.
Nf3 Nc6 8. Ne5 cxd4 9. Nxc6 bxc6 10. exd4 Nf6 11. Bd3 Bd6 12. O-O O-O 13. h3 h6 14. Na4 Qe7 15. Bd2 Bd7 16. Rfe1 Qd8 17. b4 Qb8 18. Nc5 Bxc5 19. bxc5 Re8 20. Rxe8+ Qxe8 21. Re1 Qb8 22. Ba5 Qf4 23. Bc3 Qg5 24.
Qd2 Qh4 25. Re3 Qg5 26. Qe2 a5 27. a4 Be6 28. Bd2 Qh5 29. Qxh5 Nxh5 30. Re1 Nf6 31. Rb1 Nd7 32. Rb7 Nf6 33. f3 Bd7 34. g4 Kf8 35. h4 Ke8 36. Bf4 Kd8 37. Be5 Kc8 38. Rb6 Ne8 39.
g5 hxg5 40. hxg5 f6 41. Bf4 Nc7 42. gxf6 gxf6 43. Kf2 Ne6 44. Be3 Kc7 45. f4 Rh8 46. f5 Ng7 47. Bf4+ Kd8 48. Rb8+ Bc8 49. Ba6 Kd7 50.
Bxc8+ Rxc8 51. Rb7+ 1-0

[Event "*** MasterClass Titled Tuesday Blitz"]
[Site "Chess.com"]
[Date "2017.09.05"]
[Round "1"]
[White "Fandorine"]
[Black "TomsKantans"]
[Result "0-1"]
[WhiteElo "2667"]
[BlackElo "2418"]
[TimeControl "180+2"]
[EndTime "13:08:35 PDT"]
[Termination "TomsKantans won on time"]

1. e4 c5 2. Nf3 Nf6 3. e5 Nd5 4.
g3 Nc6 5. Bg2 g6 6. O-O Bg7 7. Re1 O-O 8. Nc3 Nc7 9. d3 b6 10.
h4 h6 11. h5 g5 12. Nxg5 hxg5 13. Bxg5 Ne6 14. Qg4 Nxg5 15. Qxg5 e6 16. Qd2 f5 17. f4 Bb7 18. Nb5 Na5 19. Nd6 Bxg2 20. Qxg2 Kh7 21.
Kf2 Bh6 22. Qf3 Nc6 23. c3 Qe7 24. a3 Rg8 25. b4 Rg4 26. Ne4 Rf8 27. Nf6+ Rxf6 28. exf6 Qxf6 29. bxc5 Qxc3 30. cxb6 axb6 31. Rac1 Qxa3 32. Rxc6 dxc6 33. Rxe6 Qc5+ 34. Kf1 Bxf4 35. Rxc6 Qd4 0-1

[Event "*** MasterClass Titled Tuesday Blitz"]
[Site "Chess.com"]
[Date "2017.09.05"]
[Round "1"]
[White "tomsishere"]
[Black "Kirill_Klukin"]
[Result "0-1"]
[WhiteElo "2241"]
[BlackElo "2518"]
[TimeControl "180+2"]
[EndTime "13:08:43 PDT"]
[Termination "Kirill_Klukin won by resignation"]

1. d4 Nf6 2. c4 g6 3. f3 Bg7 4. e4 d6 5. Ne2 O-O 6. Nbc3 a6 7.
Be3 Nc6 8. Qd2 Na5 9. Ng3 b5 10. h4 h5 11. cxb5 axb5 12. Bxb5 Nb3 13. Qd1 Nxa1 14. Qxa1 Ba6 15. Bxa6 Rxa6 16. Qc1 c6 17. Bh6 Qa5 18. Rh3 Rb8 19. Nf5 gxf5 20. Rg3 Ng4 21. Qg5 Kf8 22. Qxg7+ Ke8 23. Qf8+ Kd7 24. Qxb8 Rb6 25. Qh8 Nxh6 26. Qxh6 Rxb2 27. Qc1 Rxa2 28. Kf1 Ra1 29. Nb1 Qb5+ 30. Kf2 Rxb1 31. Qa3 f4 32.
Qa7+ Ke6 33. Qa2+ d5 34. exd5+ cxd5 35. Qe2+ Qxe2+ 36. Kxe2 fxg3 0-1

[Event "*** MasterClass Titled Tuesday Blitz"]
[Site "Chess.com"]
[Date "2017.09.05"]
[Round "1"]
[White "Tarlev_Konstantin"]
[Black "livestrong04"]
[Result "1-0"]
[WhiteElo "2632"]
[BlackElo "2336"]
[TimeControl "180+2"]
[EndTime "13:08:45 PDT"]
[Termination "Tarlev_Konstantin won by resignation"]

1. e4 c6 2. Nf3 d5 3. Nc3 dxe4 4. Nxe4 Nf6 5. Nxf6+ gxf6 6. g3 Rg8 7. Bg2 Bg4 8.
O-O Nd7 9. Re1 Qc7 10. d4 h5 11. Bf4 Qb6 12. c3 h4 13. Qb3 hxg3 14. fxg3 O-O-O 15. Nd2 e6 16. Nc4 Qxb3 17. axb3 a6 18. Nd6+ Bxd6 19. Bxd6 f5 20. c4 Nb6 21. Bc5 Kc7 22. Kf2 Nc8 23. Ke3 Rh8 24. Rh1 Nd6 25. h3 Bh5 26. Bb4 Rhg8 27.
Ba5+ b6 28. Be1 a5 29. c5 Nb5 30. cxb6+ Kb7 31. Rxa5 Nxd4 32. g4 Bg6 33. Bc3 Kxb6 34. b4 fxg4 35. Bxd4+ Rxd4 36. Kxd4 Rd8+ 37. Ke5 Rd2 38.
Rg1 Rxb2 39. hxg4 Rxb4 40. Raa1 Rxg4 41. Bf3 Rh4 42. Rh1 Rc4 43. Rhc1 Rh4 44. Rxc6+ Kb5 45.
Ra8 f6+ 46. Kxf6 Rf4+ 47. Kxg6 Rxf3 48. Rxe6 Rf8 49. Rxf8 1-0

[Event "*** MasterClass Titled Tuesday Blitz"]
[Site "Chess.com"]
[Date "2017.09.05"]
[Round "1"]
[White "Witik"]
[Black "cheese111"]
[Result "0-1"]
[WhiteElo "2508"]
[BlackElo "2290"]
[TimeControl "180+2"]
[EndTime "13:08:49 PDT"]
[Termination "cheese111 won by resignation"]

1. d4 Nf6 2. Bf4 g6 3. Nc3 Bg7 4.
e4 d5 5. e5 Ne4 6. Bd3 Nxc3 7.
bxc3 c5 8. Nf3 Qa5 9. O-O Nc6 10.
Re1 Bg4 11. h3 Bxf3 12. Qxf3 cxd4 13. e6 O-O 14. c4 fxe6 15. Qg4 e5 16. Bg3 e4 17.
Bf1 d3 18. cxd5 Bxa1 19. Rxa1 Qxd5 20. cxd3 exd3 21. Rd1 Ne5 22. Qa4 Rad8 23. Kh2 d2 24.
Qxa7 Nc4 25. Bxc4 Qxc4 26. Qxb7 Qc2 27. Qb3+ Qxb3 28. axb3 Rd3 29. Kg1 Rfd8 30. Bf4 Rxb3 31. Rxd2 Rxd2 32. Bxd2 Kf7 33. Be3 Ke6 34. Kh2 Kf5 35.
Bd2 Ke4 36. Bg5 e6 37. Bh6 Rd3 38. Bg5 Kd5 39. Bf6 Kc4 40. Bg5 Kb3 41. Be3 Kc2 42.
Bg5 Kd1 43. f3 Ke2 44. Kg1 Rd1+ 45. Kh2 Kf1 46. h4 Re1 47. Kg3 Re2 48. f4 Rxg2+ 49. Kf3 Rf2+ 50. Ke3 Re2+ 51. Kf3 Rb2 52. Ke4 Rb5 53. Kf3 Ke1 54. Be7 Rf5 55. Ke4 Kf2 56. Bd8 Kg3 57. Ke3 Kg4 58. Bg5 e5 0-1

[Event "*** MasterClass Titled Tuesday Blitz"]
[Site "Chess.com"]
[Date "2017.09.05"]
[Round "1"]
[White "Grootneus"]
[Black "jncool68"]
[Result "0-1"]
[WhiteElo "2112"]
[BlackElo "2464"]
[TimeControl "180+2"]
[EndTime "13:08:49 PDT"]
[Termination "jncool68 won by resignation"]

1. e4 e5 2. Nf3 Nc6 3. Bb5 a6 4. Ba4 Nf6 5. d3 b5 6. Bb3 Bc5 7. a4 b4 8. O-O O-O 9. Nbd2 d6 10.
a5 Be6 11. Bc4 Qd7 12. b3 Nd4 13. Bb2 Bg4 14. Rb1 Nxf3+ 15. Nxf3 Kh8 16. c3 bxc3 17. Bxc3 Nh5 18. b4 Ba7 19. h3 Bxh3 20. gxh3 Qxh3 21. Nh2 Nf4 22. Qf3 Qxf3 23. Nxf3 Ne2+ 24. Kg2 Nxc3 25. Rbc1 Ne2 26. Rc2 Nf4+ 27. Kg3 f5 28. Ng5 h6 29. Nf7+ Kh7 30. Rh1 d5 31. Ng5+ Kg6 32. Bxd5 Nxd5 33.
exd5 Kxg5 34. Rxc7 g6 35. Rc6 Rf6 36. Rc4 Bd4 37.
f4+ exf4+ 38. Kf3 Be3 39. Rxf4 Bxf4 40. Rg1+ Bg3 41. Rxg3+ Kh4 42. Rg1 h5 43. Kf4 Kh3 44. Kf3 Kh2 45. Rg2+ Kh1 46. Rg3 Rd8 47. Rh3+ Kg1 48.
Rg3+ Kf1 49. Rh3 Ke1 50. Ke3 Kd1 51. Kd4 Rfd6 52. Rh1+ Kc2 53. Rh2+ Kb3 54. Ke3 Rxd5 0-1

[Event "*** MasterClass Titled Tuesday Blitz"]
[Site "Chess.com"]
[Date "2017.09.05"]
[Round "1"]
[White "djogrodek1"]
[Black "Alohamora11"]
[Result "0-1"]
[WhiteElo "2439"]
[BlackElo "2111"]
[TimeControl "180+2"]
[EndTime "13:08:53 PDT"]
[Termination "Alohamora11 won by resignation"]

1. e4 c5 2. Nf3 g6 3. d4 cxd4 4. Qxd4 Nf6 5. Nc3 Nc6 6. Qa4 d6 7. e5 dxe5 8. Nxe5 Qd4 9. Nxc6 Qxa4 10. Nxa4 bxc6 11. b3 Bf5 12. c4 Rd8 13. Bb2 Bh6 14. f3 Bd2+ 15. Kf2 h5 16. Be2 O-O 17. Nc3 Rfe8 18. h3 h4 19. Nd1 Nh5 20. Ne3 Nf4 21.
Nxf5 gxf5 22. Rhd1 e5 23. Bc1 Bxc1 24. Raxc1 e4 25.
fxe4 fxe4 26. Rxd8 Rxd8 27. Rd1 Rxd1 28. Bxd1 f5 29. a3 Kf7 30. b4 Ke6 31. c5 Ke5 32. Ba4 Nd3+ 33. Ke2 Nf4+ 34. Kf1 Kd5 35. Kf2 Nd3+ 36.
Ke2 Ne5 37. Bb3+ Kd4 38. Be6 f4 39. Bg4 Nc4 40. Bf5 Nxa3 41. Bd7 Nc2 42. b5 Kxc5 43. bxc6 Nd4+ 44. Kf2 Nxc6 45. Bf5 Kd4 46. Bd7 Ne5 47. Bc8 a5 48. Be6 a4 49. Ba2 a3 50. Ke2 Nd3 0-1

[Event "*** MasterClass Titled Tuesday Blitz"]
[Site "Chess.com"]
[Date "2017.09.05"]
[Round "1"]
[White "yosephtaher"]
[Black "ruvat"]
[Result "1-0"]
[WhiteElo "2562"]
[BlackElo "2297"]
[TimeControl "180+2"]
[EndTime "13:09:09 PDT"]
[Termination "yosephtaher won on time"]

1. d4 d6 2. e4 Nf6 3. Nc3 g6 4. f3 c6 5. Be3 Qb6 6. Rb1 Nbd7 7.
Qd2 Qc7 8. a4 a6 9. Bd3 Bg7 10.
Nce2 e5 11. c3 O-O 12. Qc2 d5 13. Nh3 c5 14. dxc5 Nxc5 15. Bxc5 Qxc5 16. Nf2 Be6 17. O-O dxe4 18. fxe4 Ng4 19. b4 Qa7 20. c4 Ne3 21. Qc3 Nxf1 22. Kxf1 Qe3 23. Qc1 Bh6 24. Qxe3 Bxe3 25.
Nd1 Bg5 26. Nec3 f5 27. Ke2 Rad8 28. Nd5 Bxd5 29. exd5 e4 30. Bc2 Rfe8 31. c5 Kg7 32. d6 f4 33. Nf2 e3 34. Ne4 Bf6 35. Bd3 Bd4 36. Rc1 Re5 37. Rc4 Bb2 38. c6 bxc6 39.
Rxc6 Ba3 40. Rb6 Rd5 41. h4 h6 42. Rb7+ Kf8 43. Bc4 R5xd6 44. Kf3 R8d7 45. Nxd6 Rxd6 46.
b5 axb5 47. Bxb5 Re6 48. a5 Bc5 49. Be2 g5 50. a6 1-0

[Event "*** MasterClass Titled Tuesday Blitz"]
[Site "Chess.com"]
[Date "2017.09.05"]
[Round "1"]
[White "Carolina-moon"]
[Black "Muracle"]
[Result "1/2-1/2"]
[WhiteElo "2149"]
[BlackElo "2463"]
[TimeControl "180+2"]
[EndTime "13:09:12 PDT"]
[Termination "Game drawn by repetition"]

1. e4 g6 2. d4 Bg7 3. Nc3 d6 4. Bg5 Nd7 5. f4 a6 6. Nf3 b5 7. a3 Bb7 8. Bd3 c5 9. d5 b4 10.
Na4 Ngf6 11. Rb1 O-O 12. O-O Qa5 13. c4 bxc3 14. Nxc3 Rfe8 15. Qe2 Qb6 16. Kh1 e6 17. dxe6 Rxe6 18. Bc4 Ree8 19. e5 Bxf3 20. Qxf3 dxe5 21. Bxf6 Qxf6 22. Ne4 Qe7 23. f5 gxf5 24. Qxf5 Rf8 25. Ng5 Nf6 26. Rbe1 h6 27. Rxe5 Qd7 28. Ne6 Nh7 29.
Nxg7 Qd4 30. Bxf7+ Kxg7 31. Qg6+ Kh8 32. Rh5 Qg7 33.
Qe6 Rae8 34. Qxe8 Rxe8 35. Bxe8 Qe7 36. Bc6 Ng5 37. Rxh6+ Kg7 38. Rh4 Qd6 39. Ba4 Qe5 40.
Rhf4 Ne4 41. Bc2 Nd2 42. Rf7+ Kg8 43. Rf8+ Kg7 44. R1f7+ Kh6 45. Rf6+ Kg7 46. R8f7+ Kg8 47. Rf8+ Kg7 48. R8f7+ Kg8 49. Rf8+ Kg7 50. R6f7+ Kh6 51.
Rf6+ Kg7 52. R8f7+ 1/2-1/2

[Event "*** MasterClass Titled Tuesday Blitz"]
[Site "Chess.com"]
[Date "2017.09.05"]
[Round "1"]
[White "platy3"]
[Black "dogeandpika4life"]
[Result "1-0"]
[WhiteElo "2577"]
[BlackElo "2302"]
[TimeControl "180+2"]
[EndTime "13:09:13 PDT"]
[Termination "platy3 won by resignation"]

1. e4 b6 2. d4 Bb7 3. Bd3 e6 4. Qe2 Nf6 5. Nf3 d5 6. e5 Ne4 7.
O-O Be7 8. c4 O-O 9. cxd5 exd5 10. Nc3 Nxc3 11. bxc3 c5 12. Qc2 h6 13. Be3 c4 14.
Bf5 Bc8 15. Nd2 Bxf5 16. Qxf5 Qd7 17. Qc2 b5 18. f4 b4 19. f5 bxc3 20. Qxc3 Nc6 21. f6 Bb4 22. Qc1 g5 23. a3 Ba5 24.
Qd1 Kh7 25. Qh5 Rg8 26. Nf3 Rg6 27. Nxg5+ Kg8 28. e6 Rxg5 29. Qxh6 Rg6 30. Qxg6+ fxg6 31. f7+ Qxf7 32. exf7+ Kg7 33. f8=Q+ Rxf8 34. Bh6+ Kxh6 35. Rxf8 Bb6 36. Kf1 Nxd4 37. Rd1 Nc2 38. Rd2 Ne3+ 39.
Ke2 d4 40. Rc8 c3 41. Rd3 Nxg2 42. Rh3+ Kg7 43. Rf3 Nh4 44. Rf1 Nf5 45. Kd3 Ne3 46.
Rf4 Nf5 47. a4 Kf6 48. Rc6+ Kg5 49. Rf1 Kh5 50. Rg1 g5 51. a5 Bxa5 52. Rc5 Bc7 53.
Rxc7 c2 54. Rxc2 Nh4 55. Rc5 Nf3 56. Rg3 1-0

[Event "*** MasterClass Titled Tuesday Blitz"]
[Site "Chess.com"]
[Date "2017.09.05"]
[Round "1"]
[White "Diwi89"]
[Black "ViIIagra"]
[Result "0-1"]
[WhiteElo "2376"]
[BlackElo "2674"]
[TimeControl "180+2"]
[EndTime "13:09:24 PDT"]
[Termination "ViIIagra won by resignation"]

1. d4 Nf6 2. c4 e6 3. Nf3 Bb4+ 4.
Bd2 Qe7 5. g3 Nc6 6. Nc3 O-O 7.
Bg2 Na5 8. b3 b6 9. O-O Bb7 10.
Qc2 h6 11. Rfe1 Bxc3 12. Bxc3 Be4 13. Qb2 Nb7 14. Bh3 c6 15. Nd2 d5 16. f3 Bg6 17.
e4 Rfd8 18. a4 a5 19. Re2 Qf8 20. Rae1 Ne8 21. Bg2 Nc7 22. f4 dxe4 23. Nxe4 Na6 24. Nd2 Rac8 25. Nf3 Bh5 26. Re3 Bxf3 27. Bxf3 Nd6 28.
g4 Nb4 29. Qg2 c5 30. d5 exd5 31. cxd5 c4 32. g5 hxg5 33. Re5 cxb3 34. Bxb4 axb4 35.
Rxg5 Rc2 36. Qh3 g6 37. f5 Nxf5 38. Qxf5 Qc5+ 39. Kh1 Qf2 40. Rxg6+ Kf8 41. Qe5 Qxf3+ 42. Kg1 Qf2+ 43. Kh1 Qxh2+ 44. Qxh2 Rxh2+ 45. Kxh2 fxg6 46. Rb1 Rxd5 47. Rxb3 Rd4 48. Kg3 g5 49. Kf3 Ke7 50.
Ke3 Rh4 51. Rb1 Kd6 52. Rg1 g4 53. Kd3 Kc6 54. Kc2 Kc5 55. Kb2 Rh2+ 56. Kb1 Rh4 57. Kb2 Kc4 58. Rc1+ Kd3 59. Rg1 Ke2 60. Kb3 Kf2 61. Rc1 g3 62. Rc2+ Kf3 0-1

[Event "*** MasterClass Titled Tuesday Blitz"]
[Site "Chess.com"]
[Date "2017.09.05"]
[Round "1"]
[White "PrinceMurad09"]
[Black "Indianlad"]
[Result "0-1"]
[WhiteElo "2350"]
[BlackElo "2650"]
[TimeControl "180+2"]
[EndTime "13:09:29 PDT"]
[Termination "Indianlad won by resignation"]

1. e4 c5 2. Nf3 d6 3. d4 cxd4 4. Nxd4 Nf6 5. Nc3 a6 6. h3 e5 7. Nde2 h5 8. g3 Be6 9. Bg2 Nbd7 10. Be3 Rc8 11. a4 Nb6 12. O-O Be7 13. b3 Bd7 14. a5 Na8 15. Qd2 Bc6 16. f4 O-O 17. Kh2 Nc7 18. Bb6 Nd7 19. Be3 h4 20. Nd5 Bxd5 21. exd5 f5 22. g4 fxg4 23. hxg4 exf4 24. Bxf4 g5 25. Be3 Ne5 26. Qd4 Qd7 27. Kh3 Nb5 28.
Qe4 Nc3 29. Nxc3 Rxc3 30. Rxf8+ Bxf8 31. Re1 Bg7 32. Re2 Bf6 33. Rf2 Qxg4+ 34. Qxg4 Rxe3+ 35. Rf3 Nxg4 36. Kxg4 Rxf3 37. Bxf3 Kf8 38. Kf5 Ke7 39. Bg4 Kf7 40. Ke4 Bd8 41. b4 b6 42. axb6 Bxb6 43.
c4 Kf6 44. Bh3 Bf2 45. Bg4 Be1 46. b5 a5 47. b6 Bf2 48. b7 Ba7 49. Kd3 Ke5 50.
Kc3 Bb8 51. Kb3 Kf4 52. Be6 g4 53. c5 dxc5 54. Kc4 h3 55. Kxc5 h2 56. d6 h1=Q 0-1

[Event "*** MasterClass Titled Tuesday Blitz"]
[Site "Chess.com"]
[Date "2017.09.05"]
[Round "1"]
[White "IamSchrodingersCat"]
[Black "MichaelRoiz"]
[Result "1/2-1/2"]
[WhiteElo "2419"]
[BlackElo "2751"]
[TimeControl "180+2"]
[EndTime "13:09:41 PDT"]
[Termination "Game drawn by repetition"]

1. e4 c6 2. Nc3 d5 3. Nf3 a6 4.
g3 Bg4 5. Bg2 Nf6 6. exd5 cxd5 7. h3 Bxf3 8. Qxf3 e6 9. O-O Nc6 10. d3 Be7 11. Ne2 O-O 12. c3 b5 13. g4 Nd7 14.
Bd2 Rc8 15. Qg3 Bh4 16. Qe3 Bf6 17. f4 d4 18. Qf3 dxc3 19. bxc3 Nc5 20. d4 Na4 21. Rad1 Na5 22. Be1 Nc4 23. Kh1 g6 24.
Bf2 Ncb6 25. Rc1 Nd5 26. f5 Bg5 27. Rc2 Nb4 28. cxb4 Rxc2 29. a3 Qf6 30. Ng3 Rxf2 31. Qxf2 exf5 32. gxf5 Qe7 33. f6 Qe6 34. Ne4 h6 35. Qg3 Rd8 36. Nxg5 hxg5 37. d5 Rxd5 38. Bxd5 Qxd5+ 39. Qg2 Qe6 40. Qa8+ Kh7 41. Kg2 g4 42. Qf8 Qe2+ 43. Kg3 Qe3+ 44. Kxg4 Qe4+ 45. Kg3 Qe3+ 46.
Kg2 Qe2+ 47. Rf2 Qe4+ 48. Kg3 Qe3+ 49. Rf3 Qg1+ 50. Kf4 Qd4+ 51. Kg3 Qg1+ 52. Kf4 Qd4+ 53. Kg5 Qe5+ 54. Kg4 Qd4+ 55. Kg3 Qg1+ 1/2-1/2

[Event "*** MasterClass Titled Tuesday Blitz"]
[Site "Chess.com"]
[Date "2017.09.05"]
[Round "1"]
[White "AdrianaNikolova"]
[Black "yurisolo"]
[Result "0-1"]
[WhiteElo "2268"]
[BlackElo "2538"]
[TimeControl "180+2"]
[EndTime "13:09:45 PDT"]
[Termination "yurisolo won by resignation"]

1. e4 c5 2. c3 Nf6 3. e5 Nd5 4. d4 cxd4 5. Nf3 d6 6. cxd4 dxe5 7. dxe5 Bg4 8. Be2 Nc6 9. O-O e6 10. Bg5 Be7 11. Bxe7 Qxe7 12. h3 Bxf3 13. Bxf3 Rd8 14. Re1 O-O 15. Qa4 Ndb4 16. Bxc6 Nxc6 17. Nc3 Rd4 18.
Qc2 Rfd8 19. Re2 Qc5 20. Rae1 Nb4 21. Qb3 Nd3 22. Rf1 b6 23. Ne4 Qxe5 24. Ng3 Qf6 25. Qa3 Nf4 26. Re3 R4d7 27. Rf3 e5 28. Ne4 Qg6 29. Ng3 h6 30. Kh2 a5 31. Qb3 Rd6 32.
Qc3 f6 33. Qc7 Kh7 34. Qc4 Rd4 35. Qb5 R8d6 36. Qa6 h5 37. h4 Ne6 38. Qc8 Rxh4+ 39. Kg1 Rhd4 40. Nf5 Rg4 41. g3 Nd4 42. Nxd4 Rgxd4 43. Kg2 Rg4 44. Rh1 Rg5 45. Qc7 Rd4 46. Qxb6 Rdg4 47.
Qxa5 e4 48. Re3 Rxa5 49. Rh3 Rag5 0-1

[Event "*** MasterClass Titled Tuesday Blitz"]
[Site "Chess.com"]
[Date "2017.09.05"]
[Round "1"]
[White "Keaton87"]
[Black "novocane"]
[Result "1-0"]
[WhiteElo "2469"]
[BlackElo "2135"]
[TimeControl "180+2"]
[EndTime "13:09:47 PDT"]
[Termination "Keaton87 won by resignation"]

1. d4 Nf6 2. Bg5 e6 3. Nd2 c5 4. e3 Be7 5. Bd3 d6 6. c3 Nc6 7. Ngf3 O-O 8. O-O b6 9. Rc1 Bb7 10. e4 e5 11. dxe5 Nxe5 12. Nxe5 dxe5 13. Qe2 Qc7 14.
Rcd1 Rad8 15. Bxf6 Bxf6 16. Ba6 Bc6 17. Rfe1 g6 18. Bb5 Bb7 19. Ba6 Bc6 20. Nf1 Bg7 21. Bc4 h6 22. f3 Kh7 23. Ne3 h5 24. Bd5 Bd7 25. Bc4 Bc6 26. Nd5 Bxd5 27. Bxd5 Rd7 28. a4 Rfd8 29. Qa6 Bh6 30. Rd3 Kg7 31. Red1 Rd6 32.
Qc4 Qe7 33. b4 cxb4 34. cxb4 R6d7 35. Rc3 h4 36. a5 bxa5 37. bxa5 h3 38. g3 Qg5 39.
Qe2 Qe7 40. Rb1 Qd6 41. Qc4 Qe7 42. Qb4 Qg5 43. Qb2 Qf6 44. Qe2 Qd6 45. Rc6 Qa3 46. a6 Rxd5 47. exd5 Rxd5 48. Rc2 Qd6 49. Re1 Qb6+ 50.
Kf1 Kh7 51. Qc4 Qd6 52. Rb2 Qf6 53. Qg4 e4 54. Rf2 e3 55. Rfe2 Rf5 56. Rxe3 Bxe3 57.
Rxe3 Qa1+ 58. Kf2 Qb2+ 59. Re2 Qc3 60. Qxh3+ Kg7 61. Qg4 Qc5+ 62. Kg2 Qb5 63. Qd4+ Kh7 64. Ra2 Qe8 65. Qxa7 Qe6 66. Qf2 Qf6 67. a7 1-0

[Event "*** MasterClass Titled Tuesday Blitz"]
[Site "Chess.com"]
[Date "2017.09.05"]
[Round "1"]
[White "manubibi"]
[Black "Sebastian"]
[Result "1-0"]
[WhiteElo "2432"]
[BlackElo "2816"]
[TimeControl "180+2"]
[EndTime "13:09:52 PDT"]
[Termination "manubibi won by resignation"]

1. e4 c5 2. Nf3 d6 3. d4 cxd4 4.
Nxd4 Nf6 5. Nc3 a6 6. Bg5 Nbd7 7. Qe2 h6 8. Bh4 g6 9. f4 e5 10. fxe5 dxe5 11. Nb3 Qc7 12. O-O-O b5 13. g4 Bb7 14.
Bg2 Bg7 15. Nd5 Bxd5 16. exd5 Qd6 17. Nd4 O-O 18. Nc6 b4 19. Rhe1 Rfe8 20. Bg3 Rac8 21.
Kb1 a5 22. Nxa5 Qb6 23. Nc4 Qa7 24. d6 e4 25. Bf2 Qa6 26. Nb6 Qa5 27. Nxc8 Rxc8 28.
Bxe4 Ne5 29. Bd4 Ned7 30. Qd3 Nxg4 31. Bxg6 Nge5 32. Bxe5 Nxe5 33. Bxf7+ Nxf7 34. d7 Rf8 35. Re8 Nd8 36. Qd5+ Qxd5 37. Rxd5 Bf6 38. a4 bxa3 39. bxa3 Kf7 40. Rxf8+ Kxf8 41. a4 Ke7 42. a5 Nc6 43. a6 Bg5 44. c3 Kd8 45. Kc2 Kc7 46. Kb3 Bd8 47. Kc4 Kb6 48. Rd6 Kc7 49. Kd5 Ne7+ 50. Ke6 Nc6 51. Rd5 Kb6 52. Rd6 Kc5 53. Rxc6+ Kxc6 54. a7 Kb7 55. Kf7 Kxa7 56. Ke8 Bh4 57. d8=Q Bxd8 58. Kxd8 Kb6 59. Ke7 Kc5 60. Kf6 Kc4 61.
Kg6 Kxc3 62. h4 Kd4 63. Kxh6 Ke5 64. Kg7 Kf5 65. h5 Kg5 66. h6 1-0